 Dungeon Crawl Stone Soup version 0.19-a0 (webtiles) character file.

594724 M4edhros the Spry (level 25, -15/276 HPs)
             Began as a Vampire Transmuter on Apr 26, 2016.
             Was an Elder of Cheibriados.
             Killed by dispel undead
             ... invoked by a Tzitzimitl
              (87 damage)
             ... in Pandemonium on Apr 27, 2016.
             The game lasted 03:43:38 (30870 turns).

M4edhros the Spry (Vampire Transmuter)             Turns: 30870, Time: 03:43:38

Health: -15/276    AC: 32    Str: 26    XL:     25   Next: 16%
Magic:  17/36      EV: 34    Int: 31    God:    Cheibriados [****..]
Gold:   2602       SH: 21    Dex: 27    Spells: 14 memorised, 1 level left

rFire  + + .     SeeInvis +       - Unarmed
rCold  + + .     Gourm    .     (armour currently unavailable)
rNeg   + + +     Faith    .     x - +5 shield {reflect}
rPois  ∞         Spirit   .     V - +2 hat {MR+}
rElec  +         Dismiss  .     P - +0 cloak of Contentment {rF+ rN+ MP-9}
rCorr  .         Reflect  +     (gloves currently unavailable)
SustAt .         Harm     .     (boots currently unavailable)
MR     +++++     Rnd*Rage +     S - amulet of Kuelubb {rF+ rC+ Regen+ Str+2 SInv}
Stlth  ++++++++..               k - ring of Hahyliv {MR++ Str-3 Slay+3 Stlth+}
                                I - ring of Hard Scrabble {rC+ rN+ Dex+4}

@: statue-form, regenerating, very slow, almost entirely resistant to hostile
enchantments, extraordinarily stealthy
A: fangs 3, see invisible, berserk 1, clever 1, clumsy 1, robust 1, (shaggy fur
0), unbreathing
a: End Transformation, Bend Time, Temporal Distortion, Slouch, Renounce Religion
}: 5/15 runes: decaying, serpentine, slimy, silver, abyssal


You were in Pandemonium.
You worshipped Cheibriados.
Cheibriados was greatly pleased with you.
You were full.
You were a stone statue.
You visited 11 branches of the dungeon, and saw 54 of its levels.
You visited Pandemonium 1 time, and saw 6 of its levels.
You visited the Abyss 1 time.
You visited 1 bazaar.

You collected 5051 gold pieces.
You spent 2449 gold pieces at shops.

Inventory:

Hand Weapons
 D - a +0 blowgun
Missiles
 a - 1125 arrows
 W - 22 curare-tipped needles
Armour
 i - a +5 steam dragon armour (melded)
 o - a +2 pair of gloves (melded)
 q - a +0 fire dragon armour {Xtahua}
 x - a +5 shield of reflection (worn)
 P - the +0 cloak of Contentment (worn) {rF+ rN+ MP-9}
   (You found it on level 5 of the Vaults)

   It protects you from fire.
   It protects you from negative energy.
   It affects your magic capacity (-9).
 V - a +2 hat of magic resistance (worn)
Jewellery
 b - a +6 ring of evasion
 j - the amulet of Tuirebor {+Inv Regen+ Str+2 Dex+2 Stlth+}
   (You found it on level 3 of the Elven Halls)

   [amulet of regeneration]

   It affects your strength (+2).
   It affects your dexterity (+2).
   It lets you turn invisible.
   It increases your rate of regeneration.
   It makes you more stealthy.
 k - the ring of Hahyliv (right hand) {MR++ Str-3 Slay+3 Stlth+}
   (You bought it in a shop in a bazaar)

   [ring of stealth]

   It affects your strength (-3).
   It affects your accuracy and damage with ranged weapons and melee attacks
   (+3).
   It affects your resistance to hostile enchantments.
   It makes you more stealthy.
 I - the ring of Hard Scrabble (left hand) {rC+ rN+ Dex+4}
   (You found it on level 3 of the Crypt)

   [ring of positive energy]

   It affects your dexterity (+4).
   It protects you from cold.
   It protects you from negative energy.
 S - the amulet of Kuelubb (around neck) {rF+ rC+ Regen+ Str+2 SInv}
   (You found it on level 3 of the Crypt)

   [amulet of regeneration]

   It affects your strength (+2).
   It protects you from fire.
   It protects you from cold.
   It lets you see invisible.
   It increases your rate of regeneration.
Wands
 y - a wand of heal wounds (7/9)
 G - a wand of teleportation (9/9)
 O - a wand of disintegration (14/24)
Scrolls
 d - a scroll of holy word
 e - 6 scrolls of identify
 g - 5 scrolls of fear
 r - 8 scrolls of fog
 t - 11 scrolls of teleportation
 K - 3 scrolls of blinking
Potions
 m - 2 potions of invisibility
 u - 2 potions of agility
 v - a potion of flight
 w - 3 potions of cancellation
 z - a potion of might
 L - 2 potions of magic
 U - 5 potions of heal wounds
 X - 7 potions of curing
 Z - 7 potions of blood
Miscellaneous
 c - a lamp of fire
 l - a fan of gales
 n - an ornate deck of summoning {drawn: 2}
 B - a sack of spiders
 C - a legendary deck of destruction {drawn: 3}
 N - a phial of floods (inert)
 Q - a disc of storms
 R - a crystal ball of energy


   Skills:
 - Level 15.1 Fighting
 - Level 19.1 Dodging
 + Level 15.4 Stealth
 - Level 15.0 Shields
 - Level 16.9 Unarmed Combat
 - Level 18.4 Spellcasting
 - Level 6.9 Charms
 * Level 11.8 Translocations
 - Level 12.1 Transmutations
 - Level 10.5 Air Magic
 - Level 11.0 Earth Magic
 - Level 12.7 Invocations


You had one spell level left.
You knew the following spells:

 Your Spells              Type           Power        Failure   Level  Hunger
a - Summon Lightning Spi  Summ/Air       ######..     1%          4    None
b - Summon Forest         Summ/Tloc      ######....   3%          5    None
c - Blade Hands           Trmt           #######...   1%          5    None
d - Dispersal             Tloc           #######...   1%          6    None
e - Controlled Blink      Tloc           N/A          82%         8    #####..
f - Passwall              Trmt/Erth      #######...   1%          2    None
g - Mephitic Cloud        Conj/Pois/Air  ######..     1%          3    None
h - Sticks to Snakes      Trmt           #######.     0%          2    None
i - Blink                 Tloc           N/A          1%          2    None
j - Statue Form           Trmt/Erth      #######..    1%          6    None
k - Iron Shot             Conj/Erth      ######....   24%         6    None
l - Deflect Missiles      Chrm/Air       ######....   8%          6    None
m - Beastly Appendage     Trmt           ######       0%          1    None
r - Regeneration          Chrm/Necr      ######....   1%          3    None


Dungeon Overview and Level Annotations

Branches:
Dungeon (15/15)            Temple (1/1) D:6            Lair (8/8) D:9
  Swamp (4/4) Lair:5        Snake (4/4) Lair:5        Slime (6/6) Lair:7
    Orc (2/2) D:9             Elf (3/3) Orc:2        Vaults (5/5) D:14
  Crypt (3/3) Vaults:3     Depths (3/5) D:15
   Tomb: Crypt:3

Altars:
Ashenzari
Cheibriados
Dithmenos
Elyvilon
Fedhas
Gozag
Kikubaaqudgha
Makhleb
Nemelex Xobeh
Okawaru
Pakellas
Qazlal
Ru
Sif Muna
Trog
Vehumet
Xom
Yredelemnul
Zin
The Shining One
Jiyva

Shops:
D:7 }   Orc:2 ?**(   Depths:1 =

Portals:
Hell: Depths:1 Depths:3
Abyss: Depths:1 Depths:3
Pandemonium: Depths:3
Ziggurat: Depths:3

Annotations:
D:6 Eustachio
D:11 Grum
Lair:5 feelmyfire's ghost, journeyman MiFi
Swamp:3 Mara


Innate Abilities, Weirdness & Mutations

Your natural rate of healing is unusually fast.
You have razor-sharp teeth.
You have supernaturally acute eyesight.
You can survive without breathing.
You tend to lose your temper in combat.
Your mind is acute. (Int +2)
You are clumsy. (Dex -2)
You are robust (+10% HP).
((You are covered in fur (AC +1).))


Message History

Drink which item? (? for menu, Esc to quit)
You feel better.
The Tzitzimitl barely misses your water elemental.
The Tzitzimitl bites your water elemental!
The Tzitzimitl engulfs your water elemental!
Your water elemental is destroyed!
Casting: Regeneration
Confirm with . or Enter, or press ? or * to list all spells.
Okay, then.
Casting: Regeneration
Confirm with . or Enter, or press ? or * to list all spells.
Okay, then.
Casting: Regeneration
Confirm with . or Enter, or press ? or * to list all spells.
Aiming: Summon Lightning Spire
Press: ? - help, Dir - move target cursor, p - Tzitzimitl An electric hum fills the air.
The Tzitzimitl gestures at you.
You convulse!
You die...

#................#
#.###############...
#.§§≈≈≈≈≈≈§≈§§≈≈#...
#≈≈.............'...
#≈≈?.......$....'...
#1≈.............'..#
#.§≈≈≈≈≈≈≈≈≈§≈≈≈#.##
#1###############...
#..8..............##
#8###############..#
#.. #... #### #...
.#.. . .. . .) ##


You could see a Tzitzimitl and a friendly lightning spire.

Vanquished Creatures
  the Royal Jelly (Slime:6)
  4 ancient liches
  Mennas (Vaults:3)
  Sojobo (Depths:3)
  the Lernaean hydra (Swamp:4)
  Margery (Vaults:4)
  4 pandemonium lords (Pan)
  Frederick (Depths:3)
  Norris (Snake:2)
  Saint Roka (Depths:3)
  2 golden dragons
  The ghost of Aksel the Executioner, an adept HOFi of Beogh (Vaults:5)
  A bone dragon (Abyss:5)
  Xtahua (Depths:3)
  Jorgrun (Vaults:1)
  6 liches
  A hellephant (Abyss:5)
  Rupert (Lair:5)
  2 Ice Fiends (Pan)
  A tentacled monstrosity (Abyss:4)
  4 titans
  2 deep elf master archers (Elf:3)
  2 deep elf blademasters
  A quicksilver dragon (Vaults:5)
  16 acid blobs
  3 Executioners (Pan)
  4 sphinxes
  A tentacled starspawn (Abyss:4)
  A storm dragon (shapeshifter) (Vaults:2)
  4 ancient champions
  5 storm dragons
  3 thorn hunters (Swamp:4)
  4 shadow dragons (Vaults:5)
  7 azure jellies
  10 tengu reavers
  8 fire giants
  14 greater nagas
  10 frost giants
  Wiglaf (Elf:2)
  Donald (Orc:2)
  2 revenants
  5 balrugs (Pan)
  Roxanne (Swamp:3)
  10 deep elf sorcerers
  An iron dragon (Vaults:5)
  A caustic shrike zombie (Depths:3)
  Aizul (Snake:2)
  11 vault wardens
  The ghost of feelmyfire the Fencer, a journeyman MiFi of Okawaru (Lair:6)
  5 deep elf elementalists (Elf:3)
  4 ghouls
  2 orc warlords
  2 curse skulls (Crypt:3)
  4 reapers
  2 war gargoyles (Vaults:5)
  9 stone giants
  9 very ugly things
  11 ironheart preservers
  5 deep elf demonologists
  3 chaos champions (Pan)
  2 vampire knights (Crypt:3)
  9 deep elf annihilators
  6 dire elephants (Lair:8)
  A lorocyproca (Pan)
  9 ettins
  2 eidola (Crypt:3)
  A black sun (Pan)
  A green death (Pan)
  26 vault guards
  2 merfolk javelineers
  6 jiangshi
  2 merfolk impalers (Depths:2)
  6 deep elf death magi
  5 death oozes (Slime:6)
  7 yaktaur captains
  5 fire dragons
  A quicksilver dragon zombie (Crypt:2)
  An entropy weaver (Vaults:4)
  5 great orbs of eyes
  2 ice dragons
  5 deep elf high priests (Elf:3)
  Erolcha (D:13)
  5 monstrous demonspawn (Pan)
  2 ghost crabs (Swamp:2)
  12 naga warriors
  19 hydras
  A quicksilver dragon skeleton (Depths:3)
  8 centaur warriors
  5 death knights
  21 anacondas
  11 ogre magi
  21 dancing weapons
  3 deep troll shamans
  4 deep troll earth magi
  A queen ant (D:8)
  A satyr (shapeshifter) (Vaults:5)
  A hell hog (Pan)
  7 alligators
  3 orc high priests (Orc:2)
  10 sun demons (Pan)
  7 vampire magi
  4 thrashing horrors (Abyss:5)
  The ghost of MordorOrchid the Nimble, a journeyman SpAE of Gozag (Lair:1)
  A spriggan berserker (Depths:2)
  A storm dragon zombie (Vaults:3)
  4 shock serpents
  3 soul eaters (Pan)
  8 naga sharpshooters
  Sonja (D:11)
  A fire crab (shapeshifter) (Vaults:2)
  A shadow wraith (Vaults:3)
  A titan skeleton (Depths:3)
  7 small abominations
  An iron troll (Depths:1)
  13 hell knights
  14 deep elf knights
  3 salamander mystics
  4 wretched stars
  A fire crab (Vaults:1)
  2 flayed ghosts
  10 skeletal warriors
  4 unseen horrors
  A spatial maelstrom (Abyss:4)
  2 gelid demonspawn (Pan)
  7 naga ritualists
  13 deep trolls
  3 shadow demons (Pan)
  7 hill giants
  3 wizards
  6 deep elf archers
  4 harpies (Vaults:3)
  7 swamp dragons
  19 ironbrand convokers
  9 mana vipers
  A lindwurm (shapeshifter) (Abyss:4)
  14 orc knights
  A sphinx zombie (D:15)
  9 necromancers
  9 phantasmal warriors
  14 large abominations
  3 cyclopes
  A manticore (shapeshifter) (Depths:1)
  52 deep elf magi
  7 orc sorcerers
  5 hornets
  A shining eye (Slime:6)
  2 griffons
  2 human zombies (Vaults:3)
  2 salamanders
  41 ugly things
  2 wolf spiders (Vaults:1)
  A fire giant zombie (Vaults:3)
  9 elephants
  A shining eye (shapeshifter) (D:14)
  3 sixfirhies
  3 worldbinders (Abyss:5)
  An iron dragon skeleton (Crypt:2)
  2 elf zombies (Depths:3)
  13 smoke demons
  An octopode (shapeshifter) (Vaults:2)
  An eye of devastation (Slime:6)
  14 guardian serpents
  3 centaur zombies
  A molten gargoyle (Depths:2)
  A water nymph (Snake:4)
  An apis skeleton (Crypt:3)
  12 vault sentinels
  An orange demon (Pan)
  29 black mambas
  19 spiny frogs
  19 naga magi
  A water nymph (shapeshifter) (Vaults:3)
  A gargoyle (D:10)
  The ghost of skk the Sneak, a novice DsAs (D:4)
  An emperor scorpion zombie (Crypt:1)
  45 yaktaurs
  3 kobold demonologists
  12 komodo dragons
  2 tormentors (Pan)
  9 hellions
  5 rime drakes
  4 hellwings
  2 demonic crawlers (Pan)
  7 freezing wraiths
  A queen bee (Lair:3)
  2 ancient zymes (Abyss:4)
  2 human skeletons (Vaults:3)
  6 red devils
  A hydra zombie (Crypt:3)
  A death yak zombie (Crypt:2)
  4 guardian mummies (Crypt:3)
  A green draconian skeleton (Crypt:3)
  A shadow dragon simulacrum (Crypt:2)
  2 jumping spiders (Vaults:4)
  9 trolls
  15 two-headed ogres
  4 giant leeches
  A polar bear (shapeshifter) (Vaults:3)
  A polar bear (Lair:5)
  29 blink frogs
  A blink frog (shapeshifter) (Elf:1)
  5 bog bodies
  43 slime creatures
  2 spriggan zombies (D:15)
  Grinder (D:3)
  8 raiju (Abyss:4)
  3 boulder beetles
  A hornet zombie (Crypt:3)
  An ice dragon zombie (Crypt:2)
  A fire giant simulacrum (Vaults:1)
  2 ettin zombies
  An air elemental (Elf:3)
  A flying skull (Abyss:5)
  A fire dragon skeleton (Crypt:1)
  4 shadows
  8 water elementals
  Sigmund (D:4)
  5 redbacks (Vaults:4)
  2 spriggans
  A centaur simulacrum (D:14)
  A yak (shapeshifter) (Elf:3)
  45 yaks
  4 wyverns
  An ettin skeleton (Crypt:3)
  A vampire (D:8)
  A wind drake zombie (Crypt:3)
  17 ynoxinuls
  24 starcursed masses
  3 wraiths
  A human (shapeshifter) (Vaults:3)
  A steam dragon (D:11)
  2 hogs (Swamp:2)
  3 basilisks
  2 fire elementals
  A hog (shapeshifter) (Depths:1)
  6 neqoxecs
  An emperor scorpion simulacrum (Crypt:3)
  15 chaos spawn
  10 hippogriffs
  A mottled dragon (Vaults:2)
  8 vampire mosquitoes
  Menkaure (D:4)
  14 swamp worms
  6 wargs
  3 spatial vortices
  40 nagas
  8 soldier ants
  14 water moccasins
  A water nymph zombie (Crypt:1)
  10 insubstantial wisps
  A putrid demonspawn skeleton (Crypt:1)
  9 hell hounds
  A sky beast (shapeshifter) (Depths:1)
  45 orc warriors
  10 porcupines
  4 giant eyeballs
  A sky beast (D:11)
  15 swamp drakes
  3 black bears
  47 ogres
  2 phantoms (D:7)
  2 ice beasts
  7 wasps
  2 eyes of draining
  An ogre (shapeshifter) (Vaults:1)
  A lindwurm skeleton (Crypt:1)
  19 wolves
  2 boggarts
  2 necrophages
  14 centaurs
  6 big kobolds
  15 crocodiles
  A hog skeleton (Crypt:2)
  A big kobold (shapeshifter) (Elf:1)
  18 giant frogs
  A water moccasin zombie (Crypt:2)
  4 earth elementals
  A wyvern skeleton (Crypt:3)
  A yaktaur skeleton (Crypt:1)
  A boulder beetle zombie (Crypt:3)
  A scorpion (D:10)
  17 killer bees (Lair:3)
  An elf simulacrum (Vaults:4)
  A howler monkey (shapeshifter) (Vaults:5)
  2 electric eels
  8 wights
  5 howler monkeys
  5 crimson imps
  8 jellies
  2 giant frog zombies
  A black bear zombie (Crypt:2)
  5 hounds
  17 orc priests
  2 centaur skeletons
  A gnoll shaman (D:5)
  2 giant frog skeletons
  10 iguanas
  33 orc wizards
  A two-headed ogre skeleton (Crypt:2)
  35 worker ants
  31 sheep
  A felid skeleton (Crypt:3)
  3 hound zombies
  2 hound skeletons
  2 worker ant zombies (D:7)
  20 gnolls
  A scorpion zombie (Crypt:3)
  9 adders
  46 river rats
  2 shadow imps
  A white imp (Abyss:4)
  An ufetubus (Vaults:4)
  An ooze (D:5)
  2 adder skeletons
  An adder zombie (D:10)
  3 worms
  2 dart slugs
  4 giant geckos
  112 orcs
  4 ball pythons
  5 giant cockroaches
  6 goblins
  5 hobgoblins
  21 kobolds
  4 quokkas
  5 bats
  3 giant gecko skeletons
  3 giant newts
  A jackal skeleton (Crypt:3)
  A kobold skeleton (Crypt:1)
  6 rats
  5 crawling corpses
  2 fungi
  2 plants (Lair:8)
  2 starspawn tentacles (Abyss:4)
2160 creatures vanquished.

Vanquished Creatures (collateral kills)
  A reaper (Pan)
  An alligator (Swamp:1)
  A torturous demonspawn (Pan)
  A deep elf mage (Elf:2)
  5 shining eyes
  An eye of devastation (Slime:3)
  A ynoxinul (Pan)
  A neqoxec (Pan)
  A swamp worm (Swamp:1)
  An eye of draining (Slime:3)
14 creatures vanquished.

Vanquished Creatures (others)
  2 deep elf master archers (Elf:3)
  3 stone giants
  A deep elf death mage (Elf:3)
  3 centaur warriors
  3 hell hogs (Pan)
  A sun demon (Pan)
  5 deep elf archers
  A necromancer (Depths:3)
  2 cyclopes
  A black mamba (Snake:4)
  A smoke demon (Pan)
  12 yaktaurs
  A fire elemental (Elf:1)
  A naga (Snake:4)
  An electric eel (D:13)
  An orc (Depths:3)
  2 briar patches (Swamp:4)
  48 fungi
  3 lost souls
  10 plants
  A snaplasher vine (Pan)
  241 snaplasher vine segments (Pan)
  2 starspawn tentacles (Abyss:4)
  27 starspawn tentacle segments (Abyss:4)
373 creatures vanquished.

Grand Total: 2547 creatures vanquished

Notes
Turn   | Place    | Note
--------------------------------------------------------------
     0 | D:1      | M4edhros the Vampire Transmuter began the quest for the Orb.
     0 | D:1      | Reached XP level 1. HP: 14/14 MP: 3/3
   103 | D:1      | Reached XP level 2. HP: 10/20 MP: 3/5
   136 | D:1      | Learned a level 2 spell: Sticks to Snakes
   355 | D:2      | Found a shattered altar of Ashenzari.
   355 | D:2      | Found an opulent altar of Gozag.
   366 | D:2      | Found a glowing golden altar of the Shining One.
   400 | D:2      | Reached XP level 3. HP: 22/25 MP: 6/6
   414 | D:2      | Reached skill level 5 in Unarmed Combat
   619 | D:2      | Reached XP level 4. HP: 31/31 MP: 7/7
   671 | D:3      | Found an oddly glowing altar of Pakellas.
   697 | D:3      | Noticed Grinder
   730 | D:3      | Paralysed by Grinder for 4 turns
   803 | D:4      | Noticed a big kobold
   962 | D:3      | Paralysed by Grinder for 5 turns
   987 | D:3      | Killed Grinder
   987 | D:3      | Reached XP level 5. HP: 24/36 MP: 8/8
   987 | D:3      | Reached XP level 6. HP: 28/42 MP: 9/9
  1040 | D:4      | Noticed skk's ghost (novice DsAs)
  1350 | D:2      | Found a faded altar to an unknown god.
  1489 | D:4      | Noticed Menkaure
  1505 | D:4      | Killed Menkaure
  1538 | D:4      | Noticed Sigmund
  1696 | D:3      | Reached XP level 7. HP: 18/47 MP: 10/10
  1872 | D:5      | Entered Level 5 of the Dungeon
  2049 | D:4      | Killed Sigmund
  2224 | D:5      | Reached skill level 10 in Unarmed Combat
  2272 | D:5      | Found an oddly glowing altar of Pakellas.
  2477 | D:5      | Found a white marble altar of Elyvilon.
  2493 | D:5      | Reached XP level 8. HP: 46/53 MP: 11/11
  2672 | D:6      | Found a staircase to the Ecumenical Temple.
  2740 | Temple   | Entered the Ecumenical Temple
  2905 | D:6      | Reached skill level 3 in Dodging
  2973 | D:6      | Reached skill level 4 in Dodging
  3152 | D:7      | Reached skill level 5 in Dodging
  3229 | D:7      | Found Ostroteos's Gadget Emporium.
  3355 | D:6      | Noticed Eustachio
  3457 | D:6      | Reached skill level 6 in Dodging
  3701 | D:5      | Reached skill level 7 in Dodging
  3918 | D:8      | Reached XP level 9. HP: 50/58 MP: 12/12
  3941 | D:8      | Reached skill level 8 in Dodging
  4190 | D:9      | Noticed a troll
  4205 | D:9      | Reached skill level 9 in Dodging
  4403 | D:9      | Reached skill level 10 in Dodging
  4515 | D:10     | Entered Level 10 of the Dungeon
  4635 | D:10     | Reached skill level 1 in Fighting
  4715 | D:10     | Noticed an unseen horror
  4747 | D:10     | Killed an unseen horror
  4858 | D:11     | Reached XP level 10. HP: 72/73 MP: 13/13
  4914 | D:12     | Paralysed by a wasp for 3 turns
  5057 | D:12     | Reached skill level 5 in Fighting
  5177 | D:13     | Noticed Erolcha
  5196 | D:13     | Killed Erolcha
  5212 | D:13     | Noticed a centaur warrior
  5233 | D:13     | Killed a centaur warrior
  5233 | D:13     | Reached skill level 5 in Transmutations
  5416 | D:13     | Noticed a death knight
  5575 | D:11     | Noticed a hill giant
  5600 | D:11     | Killed a hill giant
  5781 | D:11     | Noticed a cyclops
  5785 | D:11     | Noticed Grum
  5825 | D:10     | Noticed a gargoyle
  5844 | D:10     | Killed a gargoyle
  5844 | D:10     | Reached XP level 11. HP: 33/84 MP: 14/14
  6134 | D:9      | Found a staircase to the Lair.
  6430 | D:7      | Bought a wand of teleportation (6/9) for 480 gold pieces
  6793 | D:4      | Killed skk's ghost
  7672 | D:8      | Noticed a hill giant
  7709 | D:8      | Killed a hill giant
  7856 | D:8      | Found a basalt altar of Yredelemnul.
  7858 | D:8      | Found a white marble altar of Elyvilon.
  7869 | D:8      | Found an ancient bone altar of Kikubaaqudgha.
  7872 | D:8      | Found a snail-covered altar of Cheibriados.
  7877 | D:8      | Became a worshipper of Cheibriados the Contemplative
  8062 | D:8      | Noticed a queen ant
  8094 | D:8      | Killed a queen ant
  8094 | D:8      | Reached skill level 10 in Transmutations
  8120 | D:8      | Reached * piety under Cheibriados
  8282 | Lair:1   | Entered Level 1 of the Lair of Beasts
  8282 | Lair:1   | Noticed MordorOrchid's ghost (journeyman SpAE)
  8299 | Lair:1   | Killed MordorOrchid's ghost
  8486 | Lair:1   | Learned a level 5 spell: Blade Hands
  8570 | D:9      | Found a staircase to the Orcish Mines.
  8703 | Orc:1    | Entered Level 1 of the Orcish Mines
  8703 | Orc:1    | Noticed an orc knight
  8703 | Orc:1    | Noticed an ogre mage
  8754 | Lair:2   | Noticed a five-headed hydra
  8803 | Lair:1   | Reached ** piety under Cheibriados
  8988 | Lair:2   | Reached XP level 12. HP: 82/92 MP: 15/15
  9138 | Lair:2   | Learned a level 4 spell: Ice Form
  9167 | Lair:2   | Reached *** piety under Cheibriados
  9199 | Lair:2   | Found an oddly glowing altar of Pakellas.
  9211 | Lair:2   | Reached skill level 11 in Dodging
  9226 | Lair:2   | Killed a five-headed hydra
  9474 | Lair:3   | Reached skill level 1 in Shields
  9483 | Lair:3   | Reached **** piety under Cheibriados
  9785 | Lair:5   | Reached skill level 12 in Dodging
  9790 | Lair:5   | Reached skill level 1 in Invocations
  9807 | Lair:5   | Found a staircase to the Snake Pit.
  9833 | Lair:4   | Reached ***** piety under Cheibriados
 10170 | Lair:5   | Noticed a six-headed hydra
 10172 | Lair:5   | Noticed Rupert
 10212 | Lair:5   | Learned a level 3 spell: Conjure Flame
 10313 | Lair:6   | Reached XP level 13. HP: 85/103 MP: 10/16
 10407 | Lair:7   | Found a viscous altar of Jiyva.
 10407 | Lair:7   | Found a staircase to the Slime Pits.
 10433 | Lair:7   | Reached skill level 10 in Fighting
 10518 | Lair:7   | Reached ****** piety under Cheibriados
 10670 | Lair:8   | Entered Level 8 of the Lair of Beasts
 11145 | Lair:8   | Identified the Papyrus of Mutagenic Ignition
 11159 | Lair:8   | Learned a level 2 spell: Passwall
 11194 | Lair:8   | Noticed a dire elephant
 11194 | Lair:8   | Noticed a dire elephant
 11200 | Lair:8   | Killed a dire elephant
 11212 | Lair:8   | Noticed a dire elephant
 11213 | Lair:8   | Noticed a dire elephant
 11225 | Lair:8   | Reached skill level 5 in Invocations
 11282 | Lair:8   | Killed a dire elephant
 11323 | Lair:8   | Reached skill level 5 in Shields
 11367 | Lair:8   | Killed a dire elephant
 11400 | Lair:8   | Noticed a dire elephant
 11405 | Lair:8   | Killed a dire elephant
 11433 | Lair:8   | Killed a dire elephant
 11469 | Lair:8   | Noticed a dire elephant
 11477 | Lair:8   | Killed a dire elephant
 11477 | Lair:8   | Reached skill level 13 in Dodging
 11540 | Lair:8   | Learned a level 3 spell: Mephitic Cloud
 11748 | Lair:5   | Reached skill level 5 in Spellcasting
 11775 | Lair:5   | Killed Rupert
 11775 | Lair:5   | Reached XP level 14. HP: 97/111 MP: 20/22
 12167 | Orc:2    | Entered Level 2 of the Orcish Mines
 12420 | Orc:1    | Noticed an orc warlord
 12428 | Orc:2    | Killed an orc warlord
 12478 | Orc:1    | Paralysed by an orc sorcerer for 5 turns
 12505 | Orc:2    | Learned a level 2 spell: Repel Missiles
 12508 | Orc:2    | Learned a level 2 spell: Blink
 12648 | Orc:2    | Found a staircase to the Elven Halls.
 12653 | Orc:2    | Reached skill level 14 in Dodging
 12670 | Orc:2    | Reached skill level 1 in Earth Magic
 12827 | Orc:2    | Noticed Donald
 12831 | Orc:2    | Killed Donald
 12881 | Orc:2    | Found Feteheak's Weapon Shoppe.
 12881 | Orc:2    | Found Qasaa's Magic Scroll Shop.
 12886 | Orc:2    | Found Qeredghor's Assorted Antiques.
 12886 | Orc:2    | Found Toesaa's Assorted Antiques.
 12895 | Orc:2    | Bought a runed cloak for 162 gold pieces
 12928 | Orc:2    | Bought a scroll labeled QAHAAMM HUNU for 36 gold pieces
 12928 | Orc:2    | Bought a runed hunting sling for 54 gold pieces
 12928 | Orc:2    | Bought a scroll labeled DOM TORICOR for 36 gold pieces
 12930 | Orc:2    | Bought a scroll of identify for 32 gold pieces
 12938 | Orc:2    | Bought a potion of curing for 108 gold pieces
 12939 | Orc:2    | Bought a fuming golden potion for 32 gold pieces
 12939 | Orc:2    | Bought a scroll labeled OFRACV OGOD for 36 gold pieces
 13374 | Lair:6   | Noticed feelmyfire's ghost (journeyman MiFi)
 13447 | Snake:1  | Entered Level 1 of the Snake Pit
 13549 | Snake:4  | Entered Level 4 of the Snake Pit
 13552 | Snake:4  | Noticed a greater naga
 13558 | Snake:4  | Killed a greater naga
 13649 | Snake:4  | Found a white marble altar of Elyvilon.
 13687 | Snake:4  | Noticed a greater naga
 13696 | Snake:4  | Killed a greater naga
 13696 | Snake:4  | Reached XP level 15. HP: 117/117 MP: 26/26
 13730 | Snake:4  | Noticed a greater naga
 13775 | Snake:4  | Killed a greater naga
 13796 | Snake:4  | Reached skill level 5 in Earth Magic
 13850 | Snake:4  | Noticed a greater naga
 13857 | Snake:4  | Noticed a greater naga
 13859 | Snake:4  | Killed a greater naga
 13870 | Snake:4  | Killed a greater naga
 13924 | Snake:3  | Learned a level 6 spell: Statue Form
 14188 | Snake:4  | Noticed a greater naga
 14198 | Snake:4  | Killed a greater naga
 14198 | Snake:4  | Reached skill level 10 in Shields
 14199 | Snake:4  | Noticed a greater naga
 14204 | Snake:4  | Noticed a greater naga
 14206 | Snake:4  | Noticed a greater naga
 14212 | Snake:4  | Killed a greater naga
 14215 | Snake:4  | Killed a greater naga
 14224 | Snake:4  | Killed a greater naga
 14245 | Snake:4  | Noticed a greater naga
 14245 | Snake:4  | Noticed a greater naga
 14249 | Snake:4  | Killed a greater naga
 14249 | Snake:4  | Reached XP level 16. HP: 124/124 MP: 3/28
 14289 | Snake:4  | Got a serpentine rune of Zot
 14581 | Snake:2  | Noticed Aizul
 14611 | Snake:2  | Killed Aizul
 14620 | Snake:2  | Noticed Norris
 14647 | Snake:2  | Killed Norris
 14843 | Snake:2  | Reached skill level 10 in Earth Magic
 15403 | Lair:5   | Noticed feelmyfire's ghost (journeyman MiFi)
 15569 | Lair:6   | Killed feelmyfire's ghost
 15576 | Lair:6   | Reached XP level 17. HP: 98/130 MP: 11/29
 15940 | Lair:5   | Found a staircase to the Swamp.
 15950 | Swamp:1  | Entered Level 1 of the Swamp
 16212 | Swamp:3  | Noticed Mara
 16257 | Swamp:3  | Noticed M4edhros's illusion
 16404 | Swamp:3  | Noticed Roxanne
 16421 | Swamp:4  | Entered Level 4 of the Swamp
 16535 | Swamp:4  | Noticed the 27-headed Lernaean hydra
 16591 | Swamp:3  | Killed Roxanne
 16593 | Swamp:3  | Identified Roxanne's Tome of the Rocks (You took it off Roxanne on level 3 of the Swamp)
 16700 | Swamp:4  | Killed the 27-headed Lernaean hydra
 16821 | Swamp:4  | Got a decaying rune of Zot
 17114 | Swamp:2  | Reached skill level 15 in Dodging
 17365 | D:11     | Noticed Sonja
 17369 | D:11     | Killed Sonja
 17628 | D:13     | Reached skill level 15 in Shields
 17674 | D:14     | Found a gate to the Vaults.
 17695 | D:14     | Reached XP level 18. HP: 129/138 MP: 27/31
 18054 | D:15     | Entered Level 15 of the Dungeon
 18094 | D:15     | Found an iron altar of Okawaru.
 18150 | D:15     | Found a staircase to the Depths.
 18215 | Depths:1 | Entered Level 1 of the Depths
 18250 | Depths:1 | Found Qipt's Jewellery Shoppe.
 18276 | Depths:1 | Found a one-way gate to the infinite horrors of the Abyss.
 18282 | Depths:1 | Found a gateway to Hell.
 18434 | Depths:2 | Reached skill level 10 in Spellcasting
 18735 | Depths:1 | Found a glowing golden altar of the Shining One.
 18937 | Depths:1 | Reached skill level 16 in Dodging
 19012 | Vaults:1 | Entered Level 1 of the Vaults
 19370 | Vaults:1 | Got a garnet-studded leather armour
 19381 | Vaults:1 | Identified the cursed +1 leather armour of the Komtur {+Blink rC+ MR- MP+9} (You found it on level 1 of the Vaults)
 19505 | Vaults:1 | Reached XP level 19. HP: 103/148 MP: 33/33
 19696 | Vaults:1 | Noticed Jorgrun
 19704 | Vaults:1 | Killed Jorgrun
 19813 | Vaults:1 | Learned a level 3 spell: Regeneration
 19823 | Vaults:1 | Learned a level 6 spell: Iron Shot
 19955 | Vaults:2 | Reached skill level 1 in Air Magic
 19991 | Vaults:2 | Reached skill level 1 in Charms
 20134 | Vaults:2 | Noticed a lich
 20139 | Vaults:2 | Killed a lich
 20516 | Vaults:2 | Reached skill level 5 in Air Magic
 20631 | Vaults:3 | Noticed Mennas
 20640 | Vaults:3 | Killed Mennas
 20745 | Vaults:3 | Got a heavily runed pewter ring
 20747 | Vaults:3 | Identified the ring "Inaravol" {SustAt rPois MR+ Str+2} (You found it on level 3 of the Vaults)
 20921 | Vaults:4 | Reached skill level 17 in Dodging
 20970 | Vaults:4 | Reached skill level 5 in Charms
 20970 | Vaults:4 | Reached XP level 20. HP: 157/157 MP: 29/35
 20997 | Vaults:4 | Noticed Margery
 21005 | Vaults:4 | Killed Margery
 21104 | Vaults:4 | Found a flickering gateway to a bazaar.
 21123 | Bazaar   | Entered a bazaar
 21126 | Bazaar   | Found Hanagil's Antique Weapon Shop.
 21140 | Bazaar   | Found Bosm's Antique Armour Shoppe.
 21152 | Bazaar   | Found Ivi Gimp's Magic Scroll Shoppe.
 21162 | Bazaar   | Found Cosk's Jewellery Boutique.
 21170 | Bazaar   | Bought the ring of Hahyliv {MR++ Str-3 Slay+3 Stlth+} for 666 gold pieces
 21193 | Bazaar   | Bought a pair of bloodstained gloves for 399 gold pieces
 21193 | Bazaar   | Identified the cursed +0 pair of gloves of Masochism {MR+} (You bought it in a shop in a bazaar)
 21202 | Bazaar   | Bought a scroll of enchant armour for 120 gold pieces
 21202 | Bazaar   | Bought a scroll of blinking for 120 gold pieces
 21202 | Bazaar   | Bought a scroll of enchant armour for 120 gold pieces
 21202 | Bazaar   | Bought a scroll of teleportation for 48 gold pieces
 21351 | Vaults:5 | Entered Level 5 of the Vaults
 21351 | Vaults:5 | Noticed Aksel's ghost (adept HOFi)
 21372 | Vaults:5 | Reached skill level 15 in Unarmed Combat
 21447 | Vaults:5 | Got a silver rune of Zot
 21618 | Vaults:5 | Killed Aksel's ghost
 21660 | Vaults:5 | Noticed an ancient lich
 21666 | Vaults:5 | Killed an ancient lich
 21736 | Vaults:5 | Reached skill level 10 in Air Magic
 21759 | Vaults:5 | Noticed a golden dragon
 21766 | Vaults:5 | Killed a golden dragon
 21766 | Vaults:5 | Reached XP level 21. HP: 165/165 MP: 36/36
 21772 | Vaults:5 | Got a crude quick blade {venom}
 21773 | Vaults:5 | Identified the cursed +1 quick blade of Mura {venom, MR+ Int-2 Dex+4} (You took it off a yaktaur on level 5 of the Vaults)
 21899 | Vaults:5 | Noticed an ancient lich
 21907 | Vaults:5 | Killed an ancient lich
 21912 | Vaults:5 | Noticed an ancient lich
 21918 | Vaults:5 | Killed an ancient lich
 21944 | Vaults:5 | Got an ancient cloak
 21945 | Vaults:5 | Identified the cursed +0 cloak of Contentment {rF+ rN+ MP-9} (You found it on level 5 of the Vaults)
 22116 | Vaults:5 | Learned a level 6 spell: Deflect Missiles
 22117 | Vaults:5 | Got a glittering silver ring
 22492 | Vaults:5 | Identified the ring of the Assorted Deaths {rC+ Int+2} (You took it off a vault guard on level 5 of the Vaults)
 22817 | Vaults:2 | Got a jade-encrusted scale mail
 22818 | Vaults:2 | Identified the +0 scale mail of Exuziell {-Cast rElec Slay+2} (You found it on level 2 of the Vaults)
 23325 | Vaults:3 | Found a staircase to the Crypt.
 23333 | Crypt:1  | Entered Level 1 of the Crypt
 23547 | Crypt:2  | Reached skill level 1 in Translocations
 23565 | Crypt:2  | Gained mutation: You have an increased reservoir of magic (+10% MP). [potion of mutation]
 23565 | Crypt:2  | Gained mutation: Your mind is acute. (Int +2) [potion of mutation]
 23565 | Crypt:2  | Gained mutation: You tend to lose your temper in combat. [potion of mutation]
 23741 | Crypt:3  | Entered Level 3 of the Crypt
 23810 | Crypt:3  | Upgraded the game from 0.18-a0-1805-g8ab820f to 0.19-a0
 23811 | Crypt:3  | Reached XP level 22. HP: 114/173 MP: 29/44
 23819 | Crypt:3  | Reached skill level 18 in Dodging
 23907 | Crypt:3  | Noticed an ancient lich
 24010 | Crypt:3  | Killed an ancient lich
 24028 | Crypt:3  | Identified the Reference Book on Stolen Souls
 24030 | Crypt:3  | Got a clouded wooden ring
 24030 | Crypt:3  | Got a fine copper amulet
 24030 | Crypt:3  | Got a scorched steel ring
 24032 | Crypt:3  | Identified the ring of Hard Scrabble {rC+ rN+ Dex+4} (You found it on level 3 of the Crypt)
 24034 | Crypt:3  | Identified the ring of Impatience {*Contam rN+ Str+3 Int+4 Dex+2} (You found it on level 3 of the Crypt)
 24039 | Crypt:3  | Identified the amulet of Kuelubb {rF+ rC+ Regen+ Str+2 SInv} (You found it on level 3 of the Crypt)
 24040 | Crypt:3  | Nice amulet, rf rf reg 2str
 24285 | Crypt:1  | Reached skill level 5 in Translocations
 24684 | Elf:1    | Entered Level 1 of the Elven Halls
 25027 | Elf:3    | Entered Level 3 of the Elven Halls
 25092 | Elf:3    | Reached skill level 1 in Stealth
 25315 | Elf:3    | Reached skill level 15 in Fighting
 25322 | Elf:3    | Reached skill level 5 in Stealth
 25338 | Elf:3    | Reached XP level 23. HP: 142/181 MP: 11/45
 25518 | Elf:3    | Learned a level 6 spell: Dispersal
 25524 | Elf:3    | Identified the Collected Works on Stones
 25560 | Elf:3    | Got a smoking hunting sling
 25561 | Elf:3    | Identified the +8 hunting sling of Musme {freeze, rPois rF+ Str+3 Dex-4} (You found it on level 3 of the Elven Halls)
 25564 | Elf:3    | Got a bloodstained broad axe
 25565 | Elf:3    | Identified the cursed +0 broad axe of Uncertain Death {antimagic, +Blink rC+ Dex+4 Stlth+} (You found it on level 3 of the Elven Halls)
 25571 | Elf:3    | Identified the Compendium of Dusty Boosts
 25591 | Elf:3    | Identified the Papyrus of the Supportive Blaze
 25598 | Elf:3    | Learned a level 4 spell: Summon Lightning Spire
 25599 | Elf:3    | Got a steaming zirconium amulet
 25600 | Elf:3    | Identified the amulet of Tuirebor {+Inv Regen+ Str+2 Dex+2 Stlth+} (You found it on level 3 of the Elven Halls)
 25658 | Elf:3    | Identified a +2 pair of boots of running (You found it on level 3 of the Elven Halls)
 25689 | Elf:3    | Got a crude leather armour
 25690 | Elf:3    | Identified the +1 leather armour of Insatiable Hunger {rF- Regen+ Dex+3} (You found it on level 3 of the Elven Halls)
 25830 | Elf:2    | Noticed Wiglaf
 25835 | Elf:2    | Killed Wiglaf
 25966 | Elf:2    | Gained mutation: You are covered in fur (AC +1). [potion of mutation]
 25966 | Elf:2    | Gained mutation: You are robust (+10% HP). [potion of mutation]
 26120 | Elf:1    | Reached skill level 15 in Spellcasting
 26972 | Slime:1  | Entered Level 1 of the Pits of Slime
 27032 | Slime:3  | Gained mutation: Armour fits poorly on your strangely shaped body. [a shining eye]
 27049 | Slime:3  | Gained mutation: You have a pair of small antennae on your head. [a shining eye]
 27076 | Slime:6  | Entered Level 6 of the Pits of Slime
 27097 | Slime:6  | Gained mutation: You are clumsy. (Dex -2) [a shining eye]
 27107 | Slime:6  | Noticed the Royal Jelly
 27110 | Slime:6  | Reached skill level 19 in Dodging
 27115 | Slime:6  | Killed the Royal Jelly
 27181 | Slime:6  | Got a slimy rune of Zot
 27183 | Slime:6  | Got a clouded ivory ring
 27184 | Slime:6  | Identified the ring of the Queen {Fire Int+5} (You found it on level 6 of the Pits of Slime)
 27195 | Slime:6  | Got a dazzling plate armour
 27196 | Slime:6  | Identified the cursed +1 plate armour of the Illusory Beggars {*Contam Regen+ Str+2} (You found it on level 6 of the Pits of Slime)
 27224 | Slime:6  | Identified the Catalogue of Assistive Weightlessness (You found it on level 6 of the Pits of Slime)
 27238 | Slime:6  | Got a scorched leather armour
 27249 | Slime:6  | Identified the cursed +1 leather armour of the Orange Skies {rElec} (You found it on level 6 of the Pits of Slime)
 27353 | Slime:6  | Identified a scroll of acquirement
 27354 | Slime:6  | Got a shimmering scale mail
 27365 | Slime:6  | Identified the +5 scale mail "Gedo" {rElec rC- MR++ Int+3} (You acquired it on level 6 of the Pits of Slime)
 27592 | Lair:4   | Learned a level 5 spell: Summon Forest
 27956 | Depths:1 | Voluntarily entered the Abyss.
 27974 | Abyss:2  | Found a corrupted altar of Lugonu.
 28151 | Abyss:4  | Gained mutation: You are occasionally teleported next to monsters. [a neqoxec]
 28196 | Abyss:4  | Paralysed by accursed screaming for 1 turns
 28326 | Abyss:5  | Entered Level 5 of the Abyss
 28494 | Abyss:5  | Reached skill level 10 in Stealth
 28520 | Abyss:5  | Paralysed by accursed screaming for 1 turns
 28559 | Abyss:5  | Got an abyssal rune of Zot
 28565 | Depths:1 | Escaped the Abyss
 28650 | Depths:3 | Noticed Xtahua
 28650 | Depths:3 | Noticed Sojobo
 28654 | Depths:3 | Noticed Frederick
 28656 | Depths:3 | Reached skill level 10 in Invocations
 28656 | Depths:3 | Reached XP level 24. HP: 206/206 MP: 15/44
 28657 | Depths:3 | Noticed Saint Roka
 28658 | Depths:3 | Killed Xtahua
 28658 | Depths:3 | Killed Sojobo
 28660 | Depths:3 | Killed Frederick
 28672 | Depths:3 | Killed Saint Roka
 28716 | Depths:3 | Found a snail-covered altar of Cheibriados.
 28844 | Depths:3 | Found a gateway to a ziggurat.
 29183 | Depths:3 | Found a one-way gate leading to the halls of Pandemonium.
 29470 | D:15     | Lost mutation: You have a pair of small antennae on your head. [potion of cure mutation]
 29470 | D:15     | Lost mutation: Armour fits poorly on your strangely shaped body. [potion of cure mutation]
 29470 | D:15     | Lost mutation: You are occasionally teleported next to monsters. [potion of cure mutation]
 29470 | D:15     | Lost mutation: You have an increased reservoir of magic (+10% MP). [potion of cure mutation]
 29655 | D:15     | Learned a level 8 spell: Controlled Blink
 29742 | Pan      | Entered Pandemonium
 29742 | Pan      | Found an exit through the horrors of the Abyss.
 29926 | Pan      | Noticed Dadoan the pandemonium lord
 29935 | Pan      | Killed Dadoan the pandemonium lord
 30050 | Pan      | Found an exit through the horrors of the Abyss.
 30164 | Pan      | Reached skill level 10 in Translocations
 30319 | Pan      | Noticed Piclewk the pandemonium lord
 30333 | Pan      | Killed Piclewk the pandemonium lord
 30407 | Pan      | Found an exit through the horrors of the Abyss.
 30454 | Pan      | Noticed Booczec the pandemonium lord
 30459 | Pan      | Killed Booczec the pandemonium lord
 30674 | Pan      | Noticed Lowku the pandemonium lord
 30678 | Pan      | Killed Lowku the pandemonium lord
 30678 | Pan      | Reached XP level 25. HP: 143/213 MP: 30/45
 30724 | Pan      | Reached skill level 15 in Stealth
 30846 | Pan      | Noticed Hyokapn the pandemonium lord
 30870 | Pan      | Killed from afar by a Tzitzimitl

Vault maps used:
D:1:      evilmike_arrival_home_sweet_home
D:2:      grunt_temple_overflow_open, ecumenical_altar_1
D:3:      first_bread, grunt_pakellas_mercury, uniq_grinder
D:4:      uniq_menkaure, uniq_sigmund
D:5:      kennysheep_mini, hangedman_decor_lopped, kennysheep_decorative_pillar,
          elyvilon_altar_5
D:6:      temple_statues, kennysheep_cross_room, uniq_eustachio
D:7:      serial_shops, shop_fountains, grunt_ogre_cave
D:8:      minitemple, zaba_antful_of_joy
D:9:      david_lair_shrubbed, david_orc_2
D:10:     minmay_strange_pillars
D:11:     uniq_grum, uniq_sonja
D:12:     minivault_13
D:13:     uniq_maud, uniq_erolcha
D:14:     hangedman_vaults_entry_quadrant_bands, enter_trove_5, special_room,
          columned_hall_lemuel, nicolae_two_hexagons, kennysheep_generic_room_2
D:15:     gammafunk_depths_entry_grave, okawaru_ov_weapons_minmay,
          minmay_more_statues
Temple:   circular_temple_pool_12
Lair:1:   serial_bayou_shore_a, infiniplex_staircase_pool_2, lemuel_fruit_tree
Lair:2:   basic_altar, nicolae_volcano_entry_hallway, grunt_megastairs_3,
          infiniplex_staircase_pool
Lair:3:   special_room, grunt_megastairs_2, bh_autumn_forest_stairs,
          lemuel_fruit_fields, uniq_gastronok
Lair:5:   minmay_swamp_entry_worms, dummy_snake_entry,
          grunt_forest_stairs_clearing, uniq_rupert
Lair:6:   serial_bayou_shore_b
Lair:7:   dpeg_slime_entry_enclosed_altar, minivault_23
Lair:8:   due_jungle_book, kb_xom_exploding_sheep, grunt_megastairs_4
Swamp:1:  serial_swamp_ruin, evilmike_swamp_ruin_house_1,
          evilmike_swamp_ruin_house_3, uniq_frances
Swamp:2:  evilmike_swamp_ruin_house_5, uniq_kirke
Swamp:3:  evilmike_swamp_ruin_house_4, uniq_roxanne, uniq_mara
Swamp:4:  swamp_old_school, grunt_hermit_hut
Snake:2:  st_stairs_2, nicolae_snake_single_loop, hangedman_snake_corridor_cut,
          uniq_aizul, uniq_norris
Snake:4:  grunt_snake_rune_serpentine_throne, basic_altar, grunt_ministairs_8,
          grunt_megastairs_1
Slime:3:  cheibrodos_slime_lost_civilization_6
Orc:1:    uniq_harold
Orc:2:    grunt_orc_tribal_feast, uniq_donald
Elf:1:    evilmike_minifort, st_stairs_10, spider_trap
Elf:2:    uniq_wiglaf
Elf:3:    minmay_elf_hall_quartered_circle, onia_ninara_cookie
Vaults:1: hangedman_vaults_unwind, hangedman_vaults_slice,
          vaults_room_door_hall, ontoclasm_vaults_pinch, vaults_dpeg_cross,
          vaults_room_grid, v_misc_19, ontoclasm_vaults_decontamination,
          vaults_room_hallway, vaults_room_large_hall,
          nicolae_vaults_stairing_the_circle, v_misc_3,
          nicolae_vaults_little_squares_5, uniq_jorgrun
Vaults:2: ontoclasm_vaults_tryst, st_lines, dpeg_vaults_monster_row,
          hangedman_vaults_slice, hangedman_vaults_maws, v_pattern_4, v_misc_25,
          vaults_room_door_hall, hangedman_vaults_river_flow,
          ontoclasm_vaults_loading_screen, vaults_dpeg_hooks,
          nicolae_vaults_little_squares_2
Vaults:3: v_rooms_3, minmay_crypt_entry_simple_sparse, ontoclasm_vaults_gateway,
          nicolae_vaults_little_squares_4, v_rooms_2, v_misc_27,
          grunt_vaults_hallway_long, nicolae_vaults_little_squares_2,
          hangedman_vaults_slice, vaults_dpeg_doors, uniq_mennas
Vaults:4: serial_ice_g, nicolae_vaults_little_squares_6, ontoclasm_vaults_twist,
          nicolae_vaults_quartermaster, ontoclasm_vaults_idyll,
          nicolae_vaults_rhombus_7, v_alt_pattern_1,
          nicolae_vaults_big_angled_halls, nicolae_vaults_little_squares_3,
          vaults_room_large_hall, vaults_dpeg_spiral, ontoclasm_vaults_eye,
          nicolae_vaults_alarming, serial_shops, freezing_bzr, uniq_margery,
          uniq_jory
Crypt:3:  david_glass_crypt, tomb_entry_simple_bobbens, grunt_ministairs_10
Depths:1: glass_columns_a, serial_shops, nicolae_shop_waterfront, hellmouth_3,
          abyss_entry, minmay_statues_item, minivault_10, tso_metal_star
Depths:2: box_level_dp, abyss_entry, hell_entry
Depths:3: grunt_house_of_mirrors, enter_ziggurat_b, abyss_entry,
          cheibriados_altar_1, pf_coc_iceberg, grunt_pan_entry_spiral,
          kennysheep_dice, infiniplex_staircase_zigzag_4, firewood_loft,
          uniq_frederick, uniq_saint_roka, uniq_xtahua, uniq_sojobo
Abyss:1:  hangedman_abyss_batty_box
Abyss:4:  abyss_furniture_001, grunt_abyss_rune_wretched_hive
Abyss:5:  hangedman_abyss_rune_flesh_and_stone, evilmike_abyss_exit_3
Pan:      rand_demon_2, nicolae_pan_door_chamber, pan_blood_fountain,
          grunt_pan_zigzag, evilmike_mini_pan_doors, grunt_pan_pentagram,
          lemuel_hall_of_pain
Bazaar:   bazaar_kb_twisted_cavern

Skill      XL: |  1  2  3  4  5  6  7  8  9 10 11 12 13 14 15 16 17 18 19 20 21 22 23 24 25 |
---------------+----------------------------------------------------------------------------+-----
Unarmed Combat | 4 5 7 8 10 11 12 13 14 15 16 | 16.9
Dodging        | 7 10 12 13 14 15 16 17 18 19 | 19.1
Fighting       | 4 7 8 9 10 11 12 13 14 15 | 15.1
Transmutations | 7 12 | 12.1
Shields        | 3 5 7 10 13 15 | 15.0
Invocations    | 3 6 10 12 | 12.7
Spellcasting   | 5 7 8 9 10 11 14 17 18 | 18.4
Earth Magic    | 4 8 10 11 | 11.0
Air Magic      | 6 10 | 10.5
Charms         | 5 6 |  6.9
Translocations | 2 7 9 11 | 11.8
Stealth        | 5 10 14 15 | 15.4

Action                   |  1- 3 |  4- 6 |  7- 9 | 10-12 | 13-15 | 16-18 | 19-21 | 22-24 | 25-27 || total
-------------------------+-------+-------+-------+-------+-------+-------+-------+-------+-------++-------
Melee: Unarmed           |   122 |   205 |   565 |   983 |   781 |  1182 |  1033 |  1289 |    80 ||  6240
       Bite              |     9 |    19 |    50 |   115 |   142 |   238 |   223 |   263 |     7 ||  1066
       Kick              |     3 |       |       |       |       |       |       |       |       ||     3
       Headbutt          |     1 |       |       |       |       |       |       |       |       ||     1
       Punch             |       |     7 |    14 |    24 |    29 |       |       |       |       ||    74
 Cast: Beastly Appendage |     3 |       |       |       |     1 |       |       |       |       ||     4
       Sticks to Snakes  |       |       |       |     6 |       |       |       |     2 |       ||     8
       Blade Hands       |       |       |       |    19 |    46 |       |       |       |       ||    65
       Conjure Flame     |       |       |       |       |     2 |       |       |       |       ||     2
       Repel Missiles    |       |       |       |       |     2 |     1 |     1 |       |       ||     4
       Mephitic Cloud    |       |       |       |       |     1 |       |       |       |       ||     1
       Statue Form       |       |       |       |       |     5 |    68 |    48 |    35 |     3 ||   159
       Regeneration      |       |       |       |       |       |       |    10 |    21 |     8 ||    39
       Blink             |       |       |       |       |       |       |     1 |     3 |       ||     4
       Deflect Missiles  |       |       |       |       |       |       |       |     3 |       ||     3
       Summon Lightning  |       |       |       |       |       |       |       |    11 |     2 ||    13
       Summon Forest     |       |       |       |       |       |       |       |     4 |       ||     4
Invok: Bend Time         |       |       |       |     1 |       |       |       |       |       ||     1
       Temporal Distorti |       |       |       |       |    11 |     1 |       |       |     3 ||    15
       Slouch            |       |       |       |       |    10 |    14 |     9 |    31 |     5 ||    69
 Abil: End Transformatio |       |       |       |       |     6 |       |     1 |       |       ||     7
Evoke: Wand              |       |       |    26 |    27 |    22 |    19 |       |    11 |     3 ||   108
       Deck              |       |       |       |       |       |     2 |       |     3 |       ||     5
       Lamp of fire      |       |       |       |       |       |       |     1 |     2 |       ||     3
       Phial of floods   |       |       |       |       |       |       |       |     1 |     1 ||     2
       Fan of gales      |       |       |       |       |       |       |       |     1 |       ||     1
  Use: Potion            |     8 |    14 |    23 |    36 |    41 |    48 |    30 |    42 |     4 ||   246
       Scroll            |       |     4 |    13 |    18 |    18 |    21 |    15 |    17 |       ||   106
 Stab: Invisible         |       |     1 |       |       |       |       |       |       |       ||     1
       Paralysed         |       |       |     7 |    10 |       |       |       |       |       ||    17
       Confused          |       |       |    10 |     3 |       |     1 |       |       |       ||    14
       Sleeping          |       |       |       |     3 |       |     3 |     1 |    11 |       ||    18
       Distracted        |       |       |       |       |     2 |     1 |     3 |     8 |     1 ||    15
Armor: Robe              |    10 |       |       |    46 |       |       |       |       |       ||    56
       Chain mail        |    79 |   128 |   355 |   293 |       |       |       |       |       ||   855
       Plate armour      |       |       |   153 |       |       |       |       |       |       ||   153
       Steam dragon armo |       |       |       |     5 |   127 |    38 |    11 |    28 |     1 ||   210
       Skin              |       |       |       |       |    80 |   320 |   226 |   172 |    23 ||   821
Dodge: Dodged            |    49 |    50 |   235 |   641 |  1370 |  1943 |  1247 |  1271 |    94 ||  6900
       Deflected         |       |       |       |       |     2 |     1 |     1 |    29 |       ||    33
Block: Buckler           |       |       |       |    36 |    59 |       |       |       |       ||    95
       Shield            |       |       |       |       |   305 |  1753 |  1530 |  1636 |   111 ||  5335
       Reflection        |       |       |       |       |    14 |    97 |    98 |    98 |     2 ||   309
